Map: Infestation

Players

TMade

  • Race: Zerg Zerg
  • Spawn Location: 9:00

SeekanDstroy

  • Race: Protoss Protoss
  • League: Silver
  • Spawn Location: 9:00

bender - Winner!

  • Race: Terran Terran
  • Spawn Location: 3:00

TheInfamous - Winner!

  • Race: Terran Terran
  • Spawn Location: 3:00

VOD

Have the link to the VOD?

Description

Time

  • Played on: Dec. 25, 2015, 5:45 p.m.
  • Length: 7:09
Show
View Real Time Build Order
Export as new Build Order

TMade Zerg 

Build Orders: Pool First 

Get SALT Encoding   

  12  0:02  Drone  
  13  0:20  Drone  
  14  0:22  Overlord  
  14  0:46  Spawning Pool  
  14  0:48  Drone  
  14  0:49  Drone x2  
  16  1:13  Drone x2  
  16  1:18  Extractor  
  17  1:23  Extractor  
  16  1:29  Drone  
  17  1:46  Zergling x4  
  19  2:04  Queen  
  21  2:14  Drone  
  21  2:15  Overlord  
  22  2:53  Lair  
  22  3:11  Drone x3  
  22  3:12  Hatchery  
  23  3:40  Drone x4  
  23  3:41  Drone  
  28  3:49  Overlord  
  28  4:11  Evolution Chamber  
  28  4:17  Hydralisk Den  
  26  4:32  Spore Crawler  
  26  4:36  Drone x2  
  27  4:48  Hydralisk x4  
  27  4:49  Hydralisk x2  
  39  5:02  Spore Crawler  
  39  5:05  Spore Crawler  
  37  5:08  Queen  
  37  5:09  Drone  
  37  5:10  Drone, Overlord  
  41  5:14  Hydralisk  
  41  5:17  Overlord  
  43  5:38  Extractor  
  43  5:41  Extractor  
  43  5:42  Overlord  
  41  5:43  Overlord x2  
  26  6:14  Hydralisk x3  
  26  6:15  Hydralisk x3  
Show
View Real Time Build Order
Export as new Build Order

SeekanDstroy Protoss 

Build Orders:  

Get SALT Encoding   

  12  0:01  Probe (Chrono Boost)  
  13  0:12  Probe (Chrono Boost)  
  14  0:18  Pylon  
  14  0:25  Probe (Chrono Boost)  
  15  0:34  Assimilator  
  15  0:36  Probe (Chrono Boost)  
  16  0:46  Probe (Chrono Boost)  
  16  0:48  Gateway  
  17  0:56  Pylon  
  17  1:03  Probe (Chrono Boost)  
  18  1:08  Assimilator  
  18  1:14  Probe (Chrono Boost)  
  19  1:26  Probe (Chrono Boost)  
  20  1:40  Cybernetics Core  
  20  1:41  Zealot  
  22  1:50  Probe (Chrono Boost)  
  24  2:01  Probe (Chrono Boost)  
  24  2:12  Probe (Chrono Boost)  
  25  2:27  Pylon  
  25  2:28  Warp Gate  
  25  2:32  Gateway  
  25  2:34  Gateway  
  25  2:43  Forge  
  25  3:01  Robotics Facility  
  25  3:05  Stargate  
  25  3:20  Nexus  
  25  3:25  Pylon  
  25  3:27  Pylon  
  25  3:49  Stalker x3  
  25  3:52  Observer  
  32  4:06  Oracle  
  32  4:47  Probe (Chrono Boost)  
  31  4:57  Probe (Chrono Boost)  
  31  4:58  Stalker x2  
  31  4:59  Stalker  
  34  5:08  Probe (Chrono Boost)  
  35  5:18  Probe (Chrono Boost)  
  31  5:22  Void Ray (Chrono Boost)  
  35  5:29  Probe (Chrono Boost)  
Show
View Real Time Build Order
Export as new Build Order

bender Terran - Winner!

Build Orders:  

Get SALT Encoding   

  12  0:04  SCV  
  13  0:20  Supply Depot  
  13  0:56  SCV, Refinery  
  14  1:02  Barracks  
  14  1:08  SCV  
  15  1:20  SCV  
  16  1:33  SCV  
  17  1:44  Supply Depot  
  17  1:45  SCV  
  18  1:57  SCV  
  19  2:03  Marine  
  20  2:09  SCV  
  21  2:21  SCV, Marine  
  23  2:33  SCV  
  24  2:38  Marine  
  25  2:46  SCV  
  25  2:51  Factory  
  26  2:56  Marine  
  26  2:58  SCV  
  28  3:10  SCV  
  29  3:14  Marine  
  30  3:31  SCV  
  31  3:54  Supply Depot  
  31  4:16  SCV, Marine  
  33  4:26  Supply Depot  
  33  4:30  Hellion  
  35  4:51  Hellion  
  37  5:12  Hellion  
  39  5:17  Barracks Tech Lab  
  39  5:34  Hellion  
  41  5:40  Marauder  
  43  5:50  Supply Depot  
  43  5:55  Hellion  
  45  6:01  Marauder  
  47  6:23  Marauder  
  48  6:44  Marauder  
  51  7:07  Starport  
Show
View Real Time Build Order
Export as new Build Order

TheInfamous Terran - Winner!

Build Orders: 1/1/1, Liberator Opening 

Get SALT Encoding   

  12  0:01  SCV  
  13  0:13  SCV  
  14  0:24  Supply Depot  
  14  0:28  SCV  
  15  0:36  Refinery  
  15  0:52  Barracks  
  15  0:54  SCV  
  16  1:00  Refinery  
  16  1:06  SCV  
  17  1:18  SCV  
  17  1:25  Supply Depot  
  18  1:30  SCV  
  19  1:40  Factory  
  19  1:41  Marine  
  19  1:45  SCV  
  21  1:58  Orbital Command  
  21  1:59  Marine  
  22  2:16  Engineering Bay  
  22  2:17  Marine  
  23  2:26  Starport  
  23  2:28  Factory Reactor  
  23  2:45  Missile Turret  
  23  2:51  SCV  
  24  3:03  SCV  
  25  3:07  Supply Depot  
  25  3:12  Liberator x2  
  31  3:34  Supply Depot  
  31  3:42  Barracks Reactor  
  31  3:45  SCV, Factory Tech Lab  
  32  3:55  Liberator  
  32  3:57  SCV  
  33  4:06  Command Center  
  33  4:09  SCV  
  37  4:23  SCV  
  38  4:35  SCV  
  39  4:44  Liberator x2  
  39  4:47  SCV  
  40  4:59  SCV  
  47  5:17  SCV  
  48  5:29  SCV  
Tags
 
Add a new tag
Caveats
  • Supply blocks, unpowered buildings, or Contaminate may cause inaccurate times.
  • Supply counts are checked every 10 seconds.